 Dungeon Crawl Stone Soup version 0.27.1-1-g398f81649c (webtiles) character file.

Game seed: 5218295272183528936

69 ZARRMARR the Cutter (level 4, 0/33 HPs)
             Began as an Octopode Monk on Sept 9, 2021.
             Slain by a goblin (3 damage)
             ... on level 3 of the Dungeon.
             The game lasted 00:03:43 (1524 turns).

ZARRMARR the Cutter (Octopode Monk)                 Turns: 1524, Time: 00:03:45

Health: 0/33       AC:  1    Str: 10    XL:     4   Next: 20%
Magic:  4/4        EV: 14    Int: 13    God:
Gold:   144        SH:  0    Dex: 14    Spells: 3/3 levels left

rFire    + . .     SeeInvis .   d - +2 dagger (drain)
rCold    + . .     Faith    .   (no shield)
rNeg     . . .     Spirit   .   (helmet restricted)
rPois    +         Reflect  .   (no amulet)
rElec    +         Harm     .   (no ring)
rCorr    +         Rampage  .   (no ring)
Will     .....                  (no ring)
Stlth    +++.......             (no ring)
HPRegen  0.11/turn              (no ring)
MPRegen  0.09/turn              (no ring)
                                (no ring)
                                (no ring)

@: resistant
A: almost no armour, amphibious, 8 rings, camouflage 1, gelatinous body 1,
(nimble swimmer 1), tentacles
a: no special abilities


You were on level 3 of the Dungeon.
You visited 1 branch of the dungeon, and saw 3 of its levels.

You collected 176 gold pieces.
You spent 32 gold pieces at shops.

Inventory:

Hand Weapons
 d - a +2 dagger of draining (weapon)
Scrolls
 c - a scroll of immolation
 f - a scroll of noise {unknown}
 g - 3 scrolls of magic mapping
 h - a scroll of amnesia {unknown}
 j - a scroll of silence {unknown}
Potions
 b - a potion of lignification {unknown}
 i - a potion of brilliance {unknown}


   Skills:
 + Level 3.6 Fighting
 + Level 3.7 Short Blades
 + Level 3.5 Dodging
 + Level 3.3 Stealth


You had 3 spell levels left.
You didn't know any spells.
Your spell library was empty.

Dungeon Overview and Level Annotations

Branches:
Dungeon (3/15)

Altars:
Kikubaaqudgha
Qazlal

Shops:
D:2 *[

Annotations:
D:3 Ijyb


Innate Abilities, Weirdness & Mutations

You cannot wear most types of armour.
You are amphibious.
You can wear up to eight rings at the same time.
Your skin changes colour to match your surroundings (Stealth+).
Your rubbery body absorbs attacks. (AC +1, EV +1)
((You are camouflaged near water. (Stealth+)))
You have tentacles for arms and can constrict up to eight enemies at once.


Message History

You constrict Ijyb, but do no damage.
Ijyb hits you with a +3 dagger of venom.
You are poisoned.
The goblin barely misses you.
You hit Ijyb but do no damage. You drain Ijyb.
Ijyb is moderately wounded.
You constrict Ijyb.
You feel very sick.
Ijyb hits you with a +3 dagger of venom.
You are lethally poisoned!
You hit Ijyb but do no damage. You drain Ijyb.
Ijyb is moderately wounded.
You constrict Ijyb, but do no damage.
You feel very sick. The goblin closely misses you.
You hit Ijyb but do no damage. You squeeze Ijyb, but do no damage.
Ijyb is moderately wounded.
You constrict Ijyb.
You feel very sick.
Ijyb screams, "It's all mine!"
Ijyb hits you with a +3 dagger of venom.
The goblin hits you with a +0 dagger.
* * * LOW HITPOINT WARNING * * *
It was a potion of curing.
You feel better.
You constrict Ijyb.
Ijyb hits you with a +3 dagger of venom.
You are poisoned.
The goblin hits you but does no damage.
It was a potion of resistance.
You feel protected.
You constrict Ijyb.
You feel sick.
Ijyb hits you with a +3 dagger of venom.
The goblin hits you with a +0 dagger.
* * * LOW HITPOINT WARNING * * *
You feel better.
You constrict Ijyb.
Ijyb zaps a wand.
The bolt of acid hits you. You resist.
* * * LOW HITPOINT WARNING * * *
You are splashed with acid.
You resist.
* * * LOW HITPOINT WARNING * * *
The goblin hits you with a +0 dagger.
You die...

#.^^^.....##§# #.
#..≈.#..^≈##§# #.
#..≈^.^.≈≈.§## #.
#.......##### #.
###......## #.
#........##### #.
#............# #.
#####.g.).(......#
#.
#.....g@.........#
#................#
#............§§...#
#.......≈≈≈≈≈§§!≈.#
#.....#.≈...§§..≈.#
......#.≈.≈≈≈≈≈.§.
.......§≈§≈...≈.§
...###.§§§≈._...


You could see Ijyb (drained) and a goblin.

Vanquished Creatures
  An adder (D:2)
  A worm (D:2)
  A dart slug (D:1)
  4 ball pythons
  5 endoplasms
  A giant cockroach (D:1)
  9 goblins
  2 hobgoblins (D:2)
  5 jackals
  5 kobolds
  2 quokkas (D:1)
  3 bats (D:1)
  3 frilled lizards
  7 rats
49 creatures vanquished.

Notes
Turn   | Place    | Note
-------+----------+-------------------------------------------
     0 | D:1      | ZARRMARR the Octopode Monk began the quest for the Orb.
     0 | D:1      | Reached XP level 1. HP: 16/16 MP: 1/1
   125 | D:1      | Reached XP level 2. HP: 18/21 MP: 2/2
   473 | D:1      | Reached XP level 3. HP: 25/26 MP: 3/3
   810 | D:2      | Found Exaan's Armour Shoppe.
  1043 | D:2      | Found Jiom's Assorted Antiques.
  1047 | D:2      | Reached XP level 4. HP: 32/32 MP: 4/4
  1062 | D:2      | Bought a pink potion for 15 gold pieces
  1062 | D:2      | Bought a scroll labelled EGYARCH GOARR for 17 gold pieces
  1497 | D:3      | Found a stormy altar of Qazlal.
  1512 | D:3      | Noticed Ijyb
  1514 | D:3      | Found an ancient bone altar of Kikubaaqudgha.
  1524 | D:3      | Slain by a goblin

Illustrated notes

Levels and vault maps discovered:
D:1:      psy_arrival_basics, layout_basic, ebering_dispersal_statue_hall
D:2:      layout_rooms, serial_shops, shop_coins, nicolae_lakefront_shop
D:3:      layout_basic, grunt_qazlal_sundering,
          mainiacjoe_overflow_concentric_impassable, cheibrodos_gnoll_hut,
          uniq_ijyb

Skill      XL: |  1  2  3 |
---------------+----------+-----
Stealth        | 3 |  3.3
Fighting       | |  3.6
Short Blades   | |  3.7
Dodging        | |  3.5

Action                   |  1- 3 |  4- 6 || total
-------------------------+-------+-------++-------
Melee: Short sword       |    14 |       ||    14
       Constrict         |    13 |     2 ||    15
       Tentacles         |     6 |     1 ||     7
       Dagger            |    54 |    19 ||    73
  Use: Scroll            |     1 |     1 ||     2
       Potion            |       |     3 ||     3
 Stab: Sleeping          |     7 |     3 ||    10
Armor: Skin              |     5 |     1 ||     6
Dodge: Dodged            |    38 |     7 ||    45
